Map: [TLMCPlay] Memecatcher

Players

UpATree - Winner!

  • Race: Protoss Protoss
  • League: Master
  • Spawn Location: 6:00

DTNDolan (Dolan) - Winner!

  • Race: Protoss Protoss
  • League: Master
  • Spawn Location: 5:00

MacroMonster

  • Race: Protoss Protoss
  • League: Platinum
  • Spawn Location: 9:00

ggtasteless

  • Race: Terran Terran
  • Spawn Location: 11:00

VOD

Have the link to the VOD?

Description

Time

  • Played on: Sept. 26, 2025, 8:21 p.m.
  • Length: 5:48
Show
View Real Time Build Order
Export as new Build Order

UpATree Protoss - Winner!

Build Orders: 1 Gate Expand, Blink Stalkers 

Get SALT Encoding   

  12  0:00  Probe  
  13  0:12  Probe  
  14  0:17  Pylon  
  14  0:24  Probe  
  15  0:37  Probe  
  15  0:40  Gateway  
  16  0:43  Assimilator  
  16  0:45  Probe  
  17  0:53  Probe  
  18  1:08  Probe  
  19  1:16  Probe  
  19  1:25  Nexus  
  21  1:34  Cybernetics Core  
  21  1:38  Probe  
  21  1:44  Pylon  
  21  1:49  Assimilator  
  22  1:54  Probe  
  22  1:59  Stalker  
  22  2:06  Probe  
  23  2:11  Warp Gate  
  25  2:18  Probe  
  26  2:23  Twilight Council  
  26  2:31  Probe  
  27  2:38  Sentry  
  27  2:43  Probe  
  29  2:46  Probe  
  31  2:52  Probe  
  32  3:06  Blink  
  32  3:08  Probe  
  32  3:09  Probe  
  34  3:14  Pylon  
  34  3:20  Probe  
  35  3:34  Probe x2  
  37  3:41  Gateway  
  37  3:45  Gateway  
  37  3:46  Probe x2  
  37  3:48  Gateway  
  39  3:55  Probe  
  39  3:58  Probe  
  41  4:09  Probe  
  41  4:11  Probe  
  43  4:21  Probe  
  43  4:23  Probe  
  45  4:26  Assimilator  
  45  4:28  Assimilator  
  45  4:33  Probe  
  46  4:40  Stalker x3  
  46  4:42  Stalker  
  54  4:52  Pylon  
  54  4:54  Pylon  
  54  4:56  Pylon  
  54  4:59  Pylon  
  54  5:10  Probe x2  
  54  5:12  Stalker x4  
  64  5:17  Nexus  
  64  5:20  Pylon  
  64  5:22  Probe  
  64  5:25  Probe  
  66  5:30  Templar Archives, Probe  
  66  5:31  Pylon  
  66  5:33  Probe, Pylon  
  69  5:46  Forge  
  69  5:47  Forge  
Show
View Real Time Build Order
Export as new Build Order

DTNDolan Protoss - Winner!

Build Orders:  

Get SALT Encoding   

  12  0:00  Probe  
  13  0:12  Probe  
  14  0:19  Pylon  
  14  0:24  Probe  
  15  0:35  Probe  
  15  0:38  Gateway  
  16  0:43  Probe  
  16  0:48  Assimilator  
  17  0:53  Probe  
  18  0:59  Assimilator  
  18  1:05  Probe  
  18  1:10  Gateway  
  19  1:17  Probe  
  20  1:25  Cybernetics Core  
  20  1:30  Probe  
  21  1:34  Pylon  
  21  1:41  Warp Gate  
  21  1:42  Probe  
  22  1:59  Stalker x2  
  22  2:07  Pylon  
  26  2:15  Robotics Facility  
  26  2:27  Gateway  
  26  2:40  Stalker x2  
  30  2:50  Pylon  
  30  2:54  Warp Prism  
  32  3:29  Stalker x2  
  36  3:34  Stalker  
  38  3:52  Pylon  
  38  4:02  Stalker x3  
  44  4:24  Robotics Bay  
  44  4:41  Stalker x3  
  50  5:15  Stalker x2  
  50  5:19  Pylon x2  
  52  5:46  Stalker x3  
Show
View Real Time Build Order
Export as new Build Order

MacroMonster Protoss 

Build Orders: 1 Gate Expand 

Get SALT Encoding   

  12  0:00  Probe  
  13  0:12  Probe  
  14  0:20  Pylon  
  14  0:24  Probe  
  15  0:34  Probe  
  15  0:39  Gateway  
  15  0:42  Probe  
  17  0:52  Assimilator  
  17  0:56  Probe  
  18  1:04  Probe  
  19  1:12  Probe  
  20  1:29  Nexus  
  20  1:37  Cybernetics Core  
  20  1:51  Pylon  
  20  2:04  Assimilator  
  20  2:09  Probe  
  21  2:16  Warp Gate  
  21  2:17  Probe, Stalker  
  24  2:26  Probe  
  25  2:38  Probe  
  25  2:40  Probe  
  25  2:43  Robotics Facility  
  26  2:48  Probe  
  26  2:51  Probe  
  27  2:56  Probe  
  28  3:02  Probe  
  30  3:08  Probe  
  30  3:09  Shield Battery  
  30  3:10  Probe  
  31  3:17  Pylon  
  31  3:18  Probe  
  31  3:19  Stalker  
  32  3:20  Probe  
  36  3:30  Probe  
  36  3:33  Probe  
  38  3:39  Stargate  
  38  3:42  Probe x2  
  38  3:45  Pylon  
  40  3:50  Probe  
  40  3:54  Probe  
  42  3:59  Probe  
  42  4:00  Immortal  
  47  4:06  Probe  
  47  4:09  Sentry  
  48  4:39  Observer, Gateway  
  48  4:43  Gateway  
  48  4:45  Pylon  
  49  4:51  Fleet Beacon  
  49  4:52  Probe  
  49  4:55  Probe  
  51  5:00  Probe  
  51  5:06  Stalker  
  54  5:08  Probe  
  54  5:12  Gateway  
  55  5:20  Probe  
  60  5:23  Stargate  
  60  5:25  Stargate  
  58  5:31  Stalker  
Show
View Real Time Build Order
Export as new Build Order

ggtasteless Terran 

Build Orders: Reaper Expand 

Get SALT Encoding   

  12  0:00  SCV  
  13  0:14  SCV  
  14  0:18  Supply Depot  
  14  0:32  SCV  
  15  0:41  Barracks  
  15  0:46  SCV  
  15  0:48  Refinery  
  16  0:58  SCV  
  17  1:11  SCV  
  19  1:29  Orbital Command  
  19  1:32  Reaper  
  19  1:43  Command Center  
  19  1:54  SCV  
  20  2:06  Marine  
  20  2:08  Supply Depot  
  21  2:11  SCV  
  21  2:12  Refinery  
  22  2:16  Factory  
  22  2:30  SCV, Marine  
  23  2:45  SCV  
  23  2:46  Bunker  
  23  2:50  Marine  
  25  2:55  Orbital Command  
  25  2:58  SCV  
  26  3:12  SCV, Marine  
  27  3:13  Starport  
  27  3:21  Factory Tech Lab  
  26  3:27  SCV x2  
  28  3:39  SCV  
  29  3:42  Marine  
  29  3:44  Engineering Bay  
  29  3:45  SCV  
  31  3:51  Factory Tech Lab  
  31  3:53  SCV  
  32  3:56  Viking  
  32  3:57  SCV  
  32  4:00  Fusion Core  
  35  4:05  SCV  
  36  4:13  Missile Turret  
  36  4:20  Siege Tank  
Tags
 
Add a new tag
Caveats
  • Supply blocks, unpowered buildings, or Contaminate may cause inaccurate times.
  • Supply counts are checked every 10 seconds.